 Dungeon Crawl Stone Soup version 0.30.0-29-ga12c61a403 (webtiles) character file.

Game seed: 6259254582165480919

93 seaoflcl the Covered (level 4, -2/52 HPs)
             Began as a Human Fighter on June 5, 2023.
             Was a Follower of Yredelemnul.
             Slain by an iguana (9 damage)
             ... on level 3 of the Dungeon.
             The game lasted 00:03:53 (2248 turns).

seaoflcl the Covered (Human Fighter)                Turns: 2248, Time: 00:03:55

Health: -2/52      AC: 22    Str: 18    XL:     4   Next: 91%
Magic:  4/4        EV:  2    Int:  9    God:    Yredelemnul [*.....]
Gold:   145        SH:  4    Dex: 12    Spells: 3/3 levels left

rFire   . . .        a - +0 long sword
rCold   . . .        c - +0 buckler
rNeg    . . .        j - melded +0 chain mail
rPois   +            (helmet currently unavailable)
rElec   .            (cloak currently unavailable)
rCorr   .            (gloves currently unavailable)
SInv    .            (boots currently unavailable)
Will    .....        (no amulet)
Stlth   +            (no ring)
HPRegen 0.28/turn    (no ring)
MPRegen 0.09/turn

%: no passive effects
@: tree-form
A: stationary, stasis, torment immunity, boosted hp
a: Renounce Religion, Recall Undead Harvest


You were on level 3 of the Dungeon.
You worshipped Yredelemnul.
Yredelemnul was noncommittal.
You were a tree.
You visited 1 branch of the dungeon, and saw 3 of its levels.

You collected 145 gold pieces.

Inventory:

Hand Weapons
 a - a +0 long sword (weapon)
Missiles
 f - 4 poisoned darts (quivered)
Armour
 c - a +0 buckler (worn)
 j - a +0 chain mail (melded)
Scrolls
 h - a scroll of enchant weapon {unknown}
 l - a scroll of blinking {unknown}
 p - 2 scrolls of teleportation {unknown}
 q - a scroll of identify {unknown}
Potions
 b - 2 potions of curing {unknown}
 d - a potion of might
 e - 2 potions of mutation {unknown}
 g - a potion of invisibility {unknown}
 i - a potion of degeneration {unknown}
 k - a potion of lignification
 m - a potion of attraction {unknown}
 n - a potion of brilliance {unknown}
 o - a potion of berserk rage {unknown}


   Skills:
 + Level 3.5 Fighting
 * Level 3.2 Long Blades
 + Level 3.5 Armour
 + Level 3.5 Shields


You had 3 spell levels left.
You didn't know any spells.
Your spell library contained the following spells:

 Spells                   Type           Power      Damage    Failure   Level
 Apportation              Tloc           0%         N/A       45%         1
 Necrotise                Necr           0%         1d4       45%         1
 Summon Small Mammal      Summ           0%         N/A       45%         1
 Gell's Gravitas          Tloc           0%         N/A       83%         3
 Teleport Other           Tloc           0%         N/A       83%         3
 Dispersal                Tloc           0%         N/A       100%        6


Dungeon Overview and Level Annotations

Branches:
Dungeon (3/15)

Altars:
Yredelemnul


Message History

You closely miss the adder.
The adder is severely wounded.
The adder completely misses you.
Your hobgoblin zombie hits the adder.
Your goblin zombie hits the adder but does no damage.
Your goblin zombie barely misses the iguana.
You slash the adder!
You kill the adder!
The dead are slithering!
Your hobgoblin zombie barely misses the iguana.
Your goblin zombie closely misses the iguana.
You barely miss the iguana.
Your hobgoblin zombie closely misses the iguana.
The iguana closely misses you.
Your goblin zombie hits the iguana but does no damage.
Your goblin zombie barely misses the iguana.
You hit the iguana.
The iguana is lightly wounded.
You block the iguana's attack.
Your hobgoblin zombie hits the iguana.
Your adder zombie completely misses the iguana.
Your goblin zombie hits the iguana but does no damage.
Your goblin zombie barely misses the iguana.
The iguana bites you!
* * * LOW HITPOINT WARNING * * *
Your hobgoblin zombie hits the iguana but does no damage.
The iguana attacks as you move away! You block the iguana's attack.
Your adder zombie bites the iguana but does no damage.
Your goblin zombie barely misses the iguana.
Your adder zombie closely misses the iguana.
You barely miss the iguana.
The iguana is moderately wounded.
Your adder zombie bites the iguana but does no damage.
The iguana closely misses you.
It was a potion of lignification.
You turn into a tree.
Your +0 chain mail melds into your body.
Your roots penetrate the ground.
Your adder zombie bites the iguana but does no damage.
Your hobgoblin zombie hits the iguana but does no damage.
The iguana bites you!
You die...
Your body rises from the dead as a mindless zombie.

..### ...)
#.. #.#######
#.#
........###.#
.......ZZ.Z.#
.(.####Z###.#
......Zl###.#
...#+#..♣##Z#
#♣..##.#
##.##Z#
+.#..#
##.#Z##
#♣..#.#
#+#.....# .#
.....#.Z###.#
.##.....Z.#.#


You could see an iguana (ally target), a friendly adder zombie, a friendly
goblin zombie and a friendly hobgoblin zombie.

Vanquished Creatures
  3 adders
  An ufetubus (D:2)
  A worm (D:2)
  2 dart slugs (D:1)
  5 endoplasms
  A giant cockroach (D:1)
  11 goblins
  3 hobgoblins
  3 jackals (D:3)
  A quokka (D:1)
  4 ball pythons
  3 bats
  4 frilled lizards
  6 kobolds
  2 rats (D:1)
50 creatures vanquished.

Vanquished Creatures (others)
  2 endoplasm zombies (D:3)
  A goblin zombie (D:3)
3 creatures vanquished.

Grand Total: 53 creatures vanquished

Notes
Turn   | Place    | Note
-------+----------+-------------------------------------------
     0 | D:1      | seaoflcl the Human Fighter began the quest for the Orb.
     0 | D:1      | Reached XP level 1. HP: 18/18 MP: 1/1
   196 | D:1      | Reached XP level 2. HP: 19/24 MP: 2/2
   683 | D:1      | Reached XP level 3. HP: 29/29 MP: 3/3
  1332 | D:2      | Reached XP level 4. HP: 32/35 MP: 4/4
  1522 | D:2      | Found a basalt altar of Yredelemnul.
  1544 | D:2      | Became a worshipper of Yredelemnul the Dark
  2141 | D:3      | Reached * piety under Yredelemnul
  2248 | D:3      | Slain by an iguana

Illustrated notes

Levels and vault maps discovered:
D:1:      matt_arrival_grand_opening, layout_basic
D:2:      layout_loops_ring, basic_altar
D:3:      layout_loops_ring, serial_shops, nicolae_shop_real_fake_doors

Skill      XL: |  1  2  3  4 |
---------------+-------------+-----
Long Blades    | 3 |  3.2
Fighting       | |  3.5
Armour         | |  3.5
Shields        | |  3.5

Action                     |  1- 3 |  4- 6 || total
---------------------------+-------+-------++-------
  Melee: Long sword        |   100 |    79 ||   179
    Use: Potion            |       |     1 ||     1
 Armour: Scale mail        |    31 |       ||    31
         Chain mail        |    39 |    66 ||   105
  Dodge: Dodged            |    42 |    31 ||    73
  Block: Buckler           |    28 |    24 ||    52
